 Dungeon Crawl Stone Soup version 0.23.2-1-ga50397a (webtiles) character file.

Game seed: 16599598214234220438

266 doot the Chopper (level 6, 0/51 HPs)
             Began as a Draconian Gladiator on Apr 26, 2019.
             Was an Initiate of Dithmenos.
             Succumbed to a worker ant's poison
             ... on level 6 of the Dungeon.
             The game lasted 00:05:56 (2814 turns).

doot the Chopper (Draconian Gladiator)              Turns: 2814, Time: 00:05:57

Health: 0/51       AC:  7    Str: 16    XL:     6   Next: 0%
Magic:  6/6        EV: 14    Int:  6    God:    Dithmenos [......]
Gold:   148        SH:  0    Dex: 14    Spells: 5/5 levels left

rFire    . . .     SeeInvis .   a - +0 war axe
rCold    . . .     Gourm    .   (no shield)
rNeg     . . .     Faith    .   (armour unavailable)
rPois    .         Spirit   .   b - +0 hat
rElec    .         Reflect  .   (no cloak)
rCorr    .         Harm     .   (no gloves)
MR       .....                  n - +0 pair of boots
Stlth    ++........             (no amulet)
HPRegen  0.17/turn              h - -3 ring of intelligence (curse)
MPRegen  0.10/turn              (no ring)

@: lethally poisoned (0 -> -1)
A: unfitting armour, cold-blooded, AC +6
a: Renounce Religion


You were on level 6 of the Dungeon.
You worshipped Dithmenos.
Dithmenos was noncommittal.
You were hungry.

You visited 2 branches of the dungeon, and saw 6 of its levels.

You collected 148 gold pieces.

Inventory:

Hand Weapons
 a - a +0 war axe (weapon)
Missiles
 c - 3 throwing nets (quivered)
Armour
 b - a +0 hat (worn)
 n - a +0 pair of boots (worn)
Jewellery
 e - a +2 amulet of reflection {unknown}
 h - a cursed -3 ring of intelligence (left hand)
Scrolls
 f - 6 scrolls of enchant armour {unknown}
 j - 2 scrolls of identify {unknown}
 l - a scroll of noise {unknown}
 o - a scroll of teleportation {unknown}
 p - 2 scrolls of magic mapping {unknown}
Potions
 i - a potion of flight
Comestibles
 d - 2 rations


   Skills:
 + Level 3.4 Fighting
 + Level 4.9 Axes
 + Level 2.0 Throwing
 + Level 4.0 Dodging
 + Level 1.2 Stealth


You had 5 spell levels left.
You didn't know any spells.
Your spell library was empty.

Dungeon Overview and Level Annotations

Branches:
Dungeon (6/15)             Temple (1/1) D:6

Altars:
Ashenzari
Dithmenos
Fedhas
Gozag
Hepliaklqana
Kikubaaqudgha
Makhleb
Nemelex Xobeh
Qazlal
Ru
Sif Muna
Trog
Uskayaw
Vehumet
Wu Jian
Xom
Yredelemnul
Zin


Innate Abilities, Weirdness & Mutations

Your plain brown scales are hard. (AC +6)
You cannot fit into any form of body armour.
You are cold-blooded and may be slowed by cold attacks.


Message History

* * * LOW HITPOINT WARNING * * *
You feel sick.
* * * LOW HITPOINT WARNING * * *
You feel sick.
* * * LOW HITPOINT WARNING * * *
You feel sick.
* * * LOW HITPOINT WARNING * * *
You feel sick.
Okay, then.
* * * LOW HITPOINT WARNING * * *
You feel sick.
* * * LOW HITPOINT WARNING * * *
You feel sick.
* * * LOW HITPOINT WARNING * * *
You feel sick.
* * * LOW HITPOINT WARNING * * *
You feel sick.
* * * LOW HITPOINT WARNING * * *
You feel sick.
You die...

#.# #.# #.# #.# #.#
#.# #.# #.# #@# #.#
###.## ##### #....#
#....
#....###########....
#...................
#....###########....
#....# #.... ######
#####


There were no monsters in sight!

Vanquished Creatures
  A hound (D:3)
  A jelly (D:6)
  A centaur skeleton (D:6)
  An iguana (D:6)
  A worker ant (D:6)
  A gnoll (D:2)
  4 adders
  An ooze (D:1)
  3 worms
  2 dart slugs
  5 leopard geckos
  3 bats
  A giant cockroach (D:3)
  7 goblins
  9 hobgoblins
  5 jackals
  A quokka (D:2)
  2 ball pythons
  4 frilled lizards
  7 kobolds
  4 rats
64 creatures vanquished.

Notes
Turn   | Place    | Note
-------+----------+-------------------------------------------
     0 | D:1      | doot the Draconian Gladiator began the quest for the Orb.
     0 | D:1      | Reached XP level 1. HP: 17/17 MP: 1/1
   128 | D:1      | Reached XP level 2. HP: 25/25 MP: 2/2
   350 | D:1      | Reached XP level 3. HP: 21/30 MP: 3/3
  1140 | D:3      | Reached XP level 4. HP: 7/37 MP: 4/4
  1615 | D:3      | HP: 1/37 [hound (1)]
  1624 | D:3      | Reached XP level 5. HP: 24/45 MP: 5/5
  2076 | D:4      | You fall through a shaft for 2 floors!
  2103 | D:6      | Found a staircase to the Ecumenical Temple.
  2115 | Temple   | Entered the Ecumenical Temple
  2333 | Temple   | Became a worshipper of Dithmenos the Shadowed
  2413 | D:6      | Reached skill level 1 in Stealth
  2785 | D:6      | Reached XP level 6. HP: 15/51 MP: 6/6
  2801 | D:6      | HP: 2/51 [poisoned by a worker ant]
  2806 | D:6      | HP: 1/51 [poisoned by a worker ant]
  2814 | D:6      | Succumbed to a worker ant's poison

Skill      XL: |  1  2  3  4  5 |
---------------+----------------+-----
Dodging        | 3 4 |  4.0
Throwing       | 2 |  2.0
Axes           | 4 |  4.9
Fighting       | 3 |  3.4
Stealth        | 1 |  1.2

Action                   |  1- 3 |  4- 6 || total
-------------------------+-------+-------++-------
Melee: War axe           |    97 |   112 ||   209
       Tailslap          |    11 |    12 ||    23
  Use: Potion            |     1 |     6 ||     7
 Stab: Sleeping          |       |     2 ||     2
  Eat: Chunk             |     1 |     5 ||     6
Armor: Skin              |    28 |    33 ||    61
Dodge: Dodged            |   100 |    93 ||   193
